Map: Opérations galactiques EC

Players

Worming - Winner!

  • Race: Zerg Zerg
  • League: Diamond

ReportMe

  • Race: Protoss Protoss
  • League: Diamond

VOD

Have the link to the VOD?

Description

Time

  • Played on: Oct. 2, 2016, 5:58 a.m.
  • Length: 21:51
Show
View Real Time Build Order
Export as new Build Order

Worming Zerg - Winner!

Build Orders: Hatch First, Lurkers 

Get SALT Encoding   

  12  0:01  Drone  
  13  0:13  Overlord  
  13  0:17  Drone  
  14  0:31  Drone x2  
  16  0:36  Drone  
  17  0:55  Drone  
  18  0:57  Hatchery  
  18  1:02  Extractor  
  16  1:08  Drone  
  17  1:20  Spawning Pool  
  17  1:21  Drone  
  17  1:25  Drone  
  17  1:30  Drone  
  19  1:46  Drone  
  20  2:00  Overlord  
  20  2:06  Metabolic Boost  
  20  2:10  Queen  
  20  2:11  Zergling x4  
  20  2:13  Queen  
  26  2:21  Drone x2  
  28  2:32  Overlord  
  28  2:34  Drone x2  
  30  2:44  Drone x2  
  32  2:55  Drone x2  
  33  3:19  Evolution Chamber  
  31  3:22  Drone x9  
  31  3:23  Drone  
  31  3:25  Hatchery  
  40  3:30  Pneumatized Carapace  
  40  3:40  Queen, Roach Warren  
  41  3:43  Overlord  
  41  3:50  Extractor  
  41  3:55  Extractor  
  39  4:00  Drone x3  
  39  4:01  Drone  
  43  4:04  Drone x3  
  43  4:05  Drone  
  43  4:06  Overlord  
  47  4:10  Zergling x4  
  47  4:17  Zerg Melee Weapons Level 1  
  49  4:30  Roach x5  
  59  4:36  Overlord x2  
  59  4:38  Spore Crawler  
  59  4:39  Spore Crawler  
  57  4:47  Overlord  
  57  4:48  Overlord  
  57  4:52  Spore Crawler  
  56  4:56  Drone x6  
  62  5:00  Lair  
  62  5:04  Drone x2  
  62  5:25  Drone x2  
  62  5:26  Drone x7  
  71  5:35  Evolution Chamber  
  71  5:42  Drone x2  
  72  5:45  Drone x2  
  72  5:48  Extractor  
  72  5:54  Spore Crawler  
  68  5:59  Drone x5  
  73  6:07  Queen  
  73  6:08  Overlord x2  
  73  6:10  Zergling x12  
  81  6:12  Zerg Melee Weapons Level 2  
  81  6:13  Zerg Ground Armor Level 1  
  81  6:14  Spore Crawler  
  81  6:15  Zergling x2  
  80  6:38  Spore Crawler  
  79  6:44  Glial Reconstitution  
  79  6:52  Drone x3  
  82  6:55  Extractor  
  82  7:00  Roach x10  
  97  7:01  Overlord x2  
  97  7:02  Overlord  
  97  7:06  Hydralisk Den  
  94  7:10  Infestation Pit  
  94  7:13  Overlord  
  94  7:14  Overlord  
  93  7:21  Zergling x2, Roach x3  
  93  7:22  Zergling x6, Roach  
  88  7:43  Drone x3  
  86  7:49  Zergling x10  
  86  7:50  Queen x2  
  89  8:30  Drone x6  
  89  8:33  Drone x3  
  102  8:34  Drone x7  
  102  8:51  Drone x4, Hatchery  
  102  8:54  Lurker Den  
  105  8:57  Hydralisk x3  
  111  9:14  Drone x2  
  111  9:16  Hydralisk x2  
  113  9:17  Hydralisk x6  
  127  9:36  Zerg Missile Weapons Level 1  
  127  9:46  Ravager x2  
  127  9:47  Ravager x3  
  132  9:57  Ravager  
  132  9:58  Ravager x2  
  122  10:17  Zergling x14  
  122  10:18  Overlord x3  
  102  10:37  Hydralisk  
  102  10:38  Roach x8, Hydralisk x7  
  100  10:50  Zergling x16  
  98  11:11  Hatchery  
  98  11:13  Zergling x10  
  102  11:21  Hatchery  
  102  11:23  Lurker x5  
  106  11:30  Zerg Ground Armor Level 2  
  93  12:04  Roach x4  
  93  12:05  Roach x2  
  103  12:21  Roach x2  
  96  12:28  Roach x3  
  80  12:36  Roach  
  80  12:37  Roach  
  84  12:39  Zerg Missile Weapons Level 2  
  84  12:41  Ravager x5  
  84  12:42  Ravager  
  84  12:43  Zergling x10  
  80  13:08  Roach x12  
  95  13:25  Roach  
  95  13:26  Roach x8  
  89  13:39  Hydralisk x4  
  95  13:48  Hydralisk x7  
  105  14:00  Zergling x12  
  81  14:32  Hydralisk x5  
  81  14:33  Zergling x14  
  94  14:43  Overseer x2  
  94  14:57  Hatchery  
  93  15:00  Lurker x4  
  93  15:01  Lurker  
  71  15:24  Roach  
  71  15:25  Zergling x16, Roach x5  
  85  15:49  Zergling x4  
  90  15:50  Zergling x12  
  93  15:59  Hydralisk x4  
  100  16:06  Burrow  
  100  16:13  Zergling x8, Roach  
  106  16:20  Queen  
  106  16:21  Queen x3, Extractor  
  113  16:30  Zergling x2  
  108  16:56  Queen  
  100  17:25  Infestation Pit  
  88  17:52  Zergling x2, Roach x6, Hydralisk  
  88  17:53  Zergling x8, Hydralisk x7  
  88  17:54  Zergling x14  
  114  18:07  Zergling x4, Roach x4  
  110  18:24  Roach  
  110  18:25  Roach x4  
  108  18:31  Lurker  
  108  18:32  Lurker x2  
  111  18:34  Lurker  
  111  18:36  Zergling x12  
  111  18:38  Drone x3  
  121  18:47  Zergling x2  
  122  18:50  Roach  
  122  18:51  Zergling x6, Roach  
  122  18:53  Hive  
  129  18:59  Extractor  
  129  19:01  Extractor  
  109  19:17  Lurker x3  
  109  19:20  Zergling x40  
  97  19:51  Zergling x4, Hydralisk x3  
  97  19:52  Zergling x8, Hydralisk x4  
  107  20:17  Overseer  
  107  20:18  Overseer, Hydralisk x2  
  107  20:19  Zergling x4  
  107  20:20  Zergling x22  
  124  20:26  Drone x2  
  124  20:27  Zergling x12  
  132  20:32  Extractor  
  110  21:04  Lurker x2  
  110  21:05  Lurker  
  110  21:06  Zergling x8  
  110  21:07  Zergling x2, Roach x8  
  110  21:08  Zergling x12  
  114  21:29  Roach x2  
  114  21:30  Zergling x4, Roach x6  
Show
View Real Time Build Order
Export as new Build Order

ReportMe Protoss 

Build Orders: 1 Gate Expand, Phoenix Opening 

Get SALT Encoding   

  12  0:01  Probe (Chrono Boost)  
  13  0:13  Probe (Chrono Boost)  
  14  0:20  Pylon  
  14  0:23  Probe (Chrono Boost)  
  15  0:38  Probe (Chrono Boost)  
  15  0:39  Gateway  
  16  0:47  Assimilator  
  17  0:50  Probe (Chrono Boost)  
  17  1:00  Probe (Chrono Boost)  
  18  1:11  Probe (Chrono Boost)  
  19  1:24  Nexus  
  19  1:27  Probe (Chrono Boost)  
  20  1:37  Cybernetics Core  
  20  1:42  Probe (Chrono Boost)  
  21  1:50  Assimilator  
  21  1:52  Probe (Chrono Boost)  
  22  1:58  Pylon  
  22  2:04  Warp Gate, Probe (Chrono Boost)  
  23  2:17  Stalker  
  23  2:18  Probe (Chrono Boost)  
  27  2:31  Probe (Chrono Boost)  
  28  2:37  Probe (Chrono Boost)  
  30  2:46  Mothership Core (Chrono Boost)  
  30  2:47  Probe (Chrono Boost), Pylon  
  31  2:58  Probe (Chrono Boost)  
  32  3:03  Stargate  
  31  3:11  Probe (Chrono Boost)  
  33  3:13  Probe (Chrono Boost)  
  32  3:22  Probe (Chrono Boost)  
  32  3:26  Probe (Chrono Boost)  
  34  3:29  Gateway  
  34  3:31  Gateway  
  34  3:33  Probe (Chrono Boost)  
  35  3:39  Probe (Chrono Boost)  
  36  3:43  Probe (Chrono Boost)  
  36  3:44  Phoenix  
  39  3:51  Probe (Chrono Boost)  
  39  3:54  Probe (Chrono Boost)  
  42  4:03  Probe (Chrono Boost)  
  42  4:04  Probe (Chrono Boost)  
  42  4:06  Phoenix  
  45  4:15  Probe x2 (Chrono Boost), Assimilator, Pylon  
  47  4:17  Assimilator  
  47  4:19  Adept  
  49  4:25  Probe (Chrono Boost)  
  49  4:26  Adept  
  49  4:27  Probe (Chrono Boost)  
  53  4:36  Probe (Chrono Boost)  
  55  4:39  Nexus, Probe (Chrono Boost)  
  55  4:46  Probe (Chrono Boost), Phoenix  
  55  4:51  Probe (Chrono Boost)  
  59  4:54  Forge  
  59  5:03  Probe (Chrono Boost)  
  59  5:04  Probe (Chrono Boost)  
  61  5:07  Pylon  
  61  5:12  Pylon, Phoenix  
  62  5:28  Probe (Chrono Boost)  
  64  5:29  Probe (Chrono Boost)  
  64  5:32  Gateway  
  64  5:33  Phoenix  
  64  5:34  Gateway  
  64  5:36  Gateway  
  64  5:38  Probe (Chrono Boost)  
  64  5:39  Pylon  
  64  5:41  Protoss Ground Weapons Level 1, Pylon  
  67  5:43  Pylon  
  68  5:50  Probe (Chrono Boost)  
  68  6:01  Probe x2 (Chrono Boost)  
  68  6:03  Probe (Chrono Boost), Adept x3  
  77  6:09  Phoenix  
  77  6:12  Twilight Council  
  77  6:14  Probe (Chrono Boost)  
  77  6:15  Probe (Chrono Boost)  
  79  6:29  Probe (Chrono Boost)  
  79  6:30  Probe (Chrono Boost), Adept x2  
  79  6:31  Adept, Phoenix  
  89  6:40  Sentry x2  
  89  6:41  Sentry  
  95  6:58  Blink  
  95  7:04  Adept x6  
  95  7:07  Assimilator  
  107  7:11  Assimilator  
  107  7:12  Pylon, Robotics Facility  
  107  7:15  Pylon, Robotics Facility  
  107  7:18  Pylon  
  100  7:38  Probe (Chrono Boost)  
  100  7:40  Probe (Chrono Boost)  
  100  7:41  Adept x5  
  100  7:42  Probe (Chrono Boost), Adept  
  112  7:46  Protoss Ground Weapons Level 2  
  112  7:50  Probe (Chrono Boost)  
  107  7:59  Nexus  
  107  8:01  Pylon  
  107  8:18  Stalker  
  107  8:19  Stalker x3  
  115  8:21  Nexus  
  115  8:28  Immortal  
  115  8:29  Immortal  
  123  8:48  Photon Cannon  
  123  8:49  Photon Cannon  
  123  8:54  Photon Cannon  
  123  8:57  Photon Cannon, Sentry  
  123  8:58  Photon Cannon, Sentry x5  
  123  9:00  Photon Cannon  
  135  9:03  Immortal  
  135  9:04  Photon Cannon  
  135  9:07  Photon Cannon  
  139  9:22  Immortal  
  141  9:32  Pylon  
  141  9:34  Pylon  
  141  9:37  Pylon  
  141  9:39  Pylon  
  139  9:55  Stalker x6  
  139  9:58  Nexus  
  103  10:43  Adept x6  
  103  10:44  Immortal x2  
  113  10:51  Pylon  
  113  10:53  Pylon  
  113  10:55  Pylon  
  91  11:18  Gateway  
  91  11:20  Gateway  
  91  11:21  Adept x2  
  91  11:22  Gateway, Adept x4  
  100  11:39  Probe (Chrono Boost)  
  101  11:43  Observer x2  
  99  11:47  Zealot x3  
  99  11:48  Zealot x3  
  105  12:08  Adept x2  
  105  12:09  Adept x4  
  105  12:12  Protoss Ground Weapons Level 3  
  112  12:25  Probe (Chrono Boost)  
  112  12:29  Immortal  
  101  12:34  Probe x2 (Chrono Boost)  
  101  12:35  Immortal  
  101  12:36  Adept x7  
  101  12:37  Adept  
  127  12:41  Assimilator  
  127  12:42  Probe (Chrono Boost), Assimilator  
  128  12:46  Probe (Chrono Boost)  
  115  13:10  Stalker x4  
  115  13:11  Stalker x3  
  107  13:29  Adept  
  103  13:37  Immortal  
  103  13:41  Nexus  
  95  13:42  Pylon  
  95  13:44  Gateway, Pylon  
  95  13:45  Gateway, Stalker x3  
  95  13:46  Pylon  
  101  13:48  Gateway  
  101  13:50  Gateway  
  101  13:53  Gateway  
  101  13:58  Probe x2 (Chrono Boost)  
  103  14:03  Stalker x2  
  103  14:04  Stalker x3  
  89  14:34  Stalker x6  
  89  14:35  Stalker  
  101  14:38  Immortal  
  101  14:40  Stalker  
  103  14:52  Stalker x2  
  105  15:00  Robotics Bay  
  105  15:02  Photon Cannon  
  105  15:03  Photon Cannon  
  93  15:26  Stalker x2  
  93  15:27  Observer, Stalker x6  
  93  15:28  Stalker  
  107  15:29  Observer  
  107  15:35  Probe x2 (Chrono Boost)  
  97  15:50  Probe (Chrono Boost)  
  97  15:53  Adept x3  
  97  15:54  Adept x4  
  111  16:03  Disruptor  
  111  16:04  Disruptor  
  112  16:18  Photon Cannon x2  
  112  16:23  Mothership Core (Chrono Boost)  
  114  16:31  Adept x3  
  114  16:32  Adept x5  
  130  16:34  Disruptor  
  130  16:35  Disruptor  
  111  17:04  Adept x4  
  111  17:05  Adept x6  
  129  17:09  Disruptor x2  
  111  17:52  Stalker x3  
  111  17:53  Stalker x5  
  108  18:28  Stalker x6  
  108  18:29  Probe x2 (Chrono Boost), Stalker x2  
  108  18:30  Observer  
  108  18:31  Observer  
  104  19:26  Stalker x4  
  104  19:27  Stalker x6  
  112  19:41  Probe x2 (Chrono Boost)  
  112  19:42  Adept  
  102  19:56  Observer x2  
  104  20:04  Nexus  
  104  20:12  Pylon  
  103  20:14  Observer  
  104  20:34  Adept x5  
  104  20:35  Adept  
  115  20:48  Disruptor x2  
  105  21:03  Adept x2  
  105  21:04  Adept x5  
  110  21:24  Probe x2 (Chrono Boost)  
  84  21:32  Adept x5  
Tags
 
Add a new tag
Caveats
  • Supply blocks, unpowered buildings, or Contaminate may cause inaccurate times.
  • Supply counts are checked every 10 seconds.